Map: Old Estate

Players

railnation - Winner!

  • Race: Protoss Protoss
  • Spawn Location: 1:00

Muertesubita - Winner!

  • Race: Terran Terran
  • Spawn Location: 1:00

Metasapien - Winner!

  • Race: Zerg Zerg
  • League: Platinum
  • Spawn Location: 3:00

ruger - Winner!

  • Race: Zerg Zerg
  • League: Gold
  • Spawn Location: 3:00

UncleBilbo

  • Race: Protoss Protoss
  • League: Gold
  • Spawn Location: 9:00

Vincent

  • Race: Protoss Protoss
  • League: Gold
  • Spawn Location: 7:00

armedinfidel

  • Race: Terran Terran
  • Spawn Location: 7:00

ThaGreem

  • Race: Zerg Zerg
  • Spawn Location: 7:00

VOD

Have the link to the VOD?

Description

Time

  • Played on: Sept. 17, 2017, 10:22 p.m.
  • Length: 21:33
Show
View Real Time Build Order
Export as new Build Order

railnation Protoss - Winner!

Build Orders: Nexus First 

Get SALT Encoding   

  12  0:15  Probe (Chrono Boost)  
  13  0:43  Nexus  
  13  1:02  Probe (Chrono Boost)  
  14  1:12  Probe (Chrono Boost)  
  14  1:14  Pylon  
  15  1:24  Pylon  
  15  1:27  Assimilator  
  16  1:32  Probe (Chrono Boost)  
  16  1:38  Assimilator  
  16  1:43  Probe (Chrono Boost)  
  17  1:54  Probe (Chrono Boost)  
  18  2:04  Probe (Chrono Boost)  
  19  2:15  Probe (Chrono Boost)  
  20  2:18  Gateway  
  20  2:22  Pylon  
  20  2:25  Probe (Chrono Boost)  
  21  2:32  Probe (Chrono Boost)  
  21  2:36  Probe (Chrono Boost)  
  23  2:46  Probe (Chrono Boost)  
  24  2:52  Probe (Chrono Boost), Assimilator  
  24  2:56  Assimilator  
  24  2:57  Probe (Chrono Boost)  
  26  3:02  Probe (Chrono Boost)  
  27  3:07  Probe (Chrono Boost)  
  27  3:11  Cybernetics Core  
  28  3:13  Probe (Chrono Boost)  
  28  3:18  Probe (Chrono Boost)  
  30  3:23  Probe (Chrono Boost)  
  31  3:28  Pylon  
  31  3:33  Probe (Chrono Boost)  
  33  3:34  Probe (Chrono Boost)  
  33  3:44  Probe (Chrono Boost)  
  33  3:45  Probe (Chrono Boost)  
  35  3:48  Pylon  
  35  3:52  Stargate  
  35  3:55  Probe (Chrono Boost)  
  36  4:02  Forge  
  36  4:03  Pylon  
  36  4:06  Probe (Chrono Boost)  
  37  4:15  Probe (Chrono Boost)  
  37  4:16  Protoss Air Weapons Level 1 (Chrono Boost)  
  38  4:25  Probe  
  39  4:35  Probe, Protoss Shields Level 1  
  40  4:46  Probe  
  40  4:47  Fleet Beacon  
  41  5:06  Probe  
  42  5:18  Probe  
  42  5:19  Stargate  
  43  5:21  Stargate  
  43  5:23  Probe  
  43  5:27  Pylon  
  44  5:30  Probe, Pylon  
  44  5:33  Probe, Tempest (Chrono Boost)  
  52  5:42  Probe  
  53  6:05  Protoss Air Weapons Level 2 (Chrono Boost)  
  53  6:11  Phoenix (Chrono Boost)  
  53  6:16  Tempest (Chrono Boost)  
  53  6:17  Tempest (Chrono Boost)  
  67  6:25  Nexus  
  67  6:51  Tempest (Chrono Boost)  
  73  6:54  Pylon  
  73  6:56  Pylon  
  73  7:00  Photon Cannon  
  73  7:03  Photon Cannon  
  73  7:06  Pylon  
  73  7:15  Pylon  
  73  7:18  Photon Cannon  
  73  7:20  Photon Cannon  
  73  7:22  Assimilator  
  77  7:23  Void Ray (Chrono Boost)  
  77  7:26  Assimilator  
  77  7:29  Void Ray (Chrono Boost)  
  81  7:49  Photon Cannon  
  81  7:52  Photon Cannon  
  81  7:54  Pylon  
  81  7:56  Pylon  
  81  8:02  Protoss Air Armor Level 1  
  99  8:41  Tempest (Chrono Boost)  
  99  8:47  Tempest x2 (Chrono Boost)  
  99  9:18  Tempest (Chrono Boost)  
  117  9:29  Tempest (Chrono Boost)  
  117  9:30  Tempest (Chrono Boost)  
  117  9:56  Tempest (Chrono Boost)  
  109  10:10  Phoenix x2 (Chrono Boost)  
  103  10:33  Phoenix (Chrono Boost)  
  103  10:35  Phoenix x2 (Chrono Boost)  
  109  10:54  Phoenix (Chrono Boost)  
  115  11:00  Phoenix x2 (Chrono Boost)  
  115  11:11  Protoss Air Armor Level 2  
  115  11:16  Phoenix (Chrono Boost)  
  117  11:25  Phoenix x2 (Chrono Boost)  
  121  11:38  Phoenix (Chrono Boost)  
  127  11:50  Phoenix x2 (Chrono Boost)  
  127  11:59  Phoenix (Chrono Boost)  
  135  12:22  Carrier (Chrono Boost)  
  135  12:23  Carrier (Chrono Boost)  
  135  12:24  Carrier (Chrono Boost)  
  123  12:30  Pylon  
  95  12:59  Nexus  
  95  13:05  Nexus  
  95  13:36  Phoenix (Chrono Boost)  
  109  13:49  Carrier x2 (Chrono Boost)  
  109  13:57  Phoenix (Chrono Boost)  
  111  14:11  Protoss Air Weapons Level 3  
  111  14:19  Phoenix (Chrono Boost)  
  113  14:41  Phoenix (Chrono Boost)  
  115  15:00  Photon Cannon  
  115  15:03  Void Ray (Chrono Boost), Photon Cannon, Assimilator  
  131  15:07  Assimilator  
  131  15:08  Tempest (Chrono Boost)  
  131  15:09  Pylon, Tempest (Chrono Boost)  
  131  15:12  Pylon, Assimilator  
  131  15:13  Pylon  
  131  15:16  Assimilator  
  131  15:20  Twilight Council  
  123  15:45  Phoenix (Chrono Boost)  
  135  15:51  Void Ray (Chrono Boost), Tempest (Chrono Boost)  
  135  16:07  Phoenix (Chrono Boost)  
  119  16:27  Protoss Air Armor Level 3  
  119  16:29  Void Ray (Chrono Boost)  
  119  16:31  Phoenix (Chrono Boost)  
  119  16:32  Phoenix (Chrono Boost)  
  135  16:59  Void Ray x2 (Chrono Boost)  
  135  17:06  Void Ray (Chrono Boost)  
  115  18:15  Void Ray (Chrono Boost)  
  127  18:21  Void Ray x2 (Chrono Boost)  
  113  19:22  Void Ray (Chrono Boost)  
  109  19:28  Void Ray x2 (Chrono Boost)  
  93  20:00  Void Ray (Chrono Boost)  
  103  20:11  Void Ray (Chrono Boost), Tempest (Chrono Boost)  
  103  20:23  Nexus  
  103  20:44  Phoenix (Chrono Boost)  
  109  20:51  Phoenix x2 (Chrono Boost)  
Show
View Real Time Build Order
Export as new Build Order

Muertesubita Terran - Winner!

Build Orders:  

Get SALT Encoding   

  12  0:04  SCV  
  13  0:18  SCV  
  14  0:31  SCV  
  15  0:36  Supply Depot  
  15  0:55  Refinery  
  15  0:57  SCV  
  15  0:59  Barracks  
  16  1:09  SCV  
  17  1:17  Refinery  
  17  1:21  SCV  
  18  1:33  SCV  
  19  1:45  SCV  
  20  1:49  Factory  
  20  1:58  SCV  
  20  1:59  Supply Depot  
  20  2:00  Marine  
  22  2:10  SCV  
  23  2:21  Marine  
  24  2:27  Bunker  
  24  2:28  SCV  
  25  2:38  Supply Depot  
  25  2:43  SCV  
  26  2:50  Command Center  
  26  2:56  Marine  
  27  3:01  Supply Depot  
  27  3:13  Factory  
  27  3:18  SCV  
  28  3:31  Engineering Bay  
  28  3:37  Orbital Command  
  28  3:46  Marine  
  29  4:01  Missile Turret  
  29  4:04  Missile Turret  
  29  4:15  SCV  
  30  4:17  Missile Turret  
  30  4:23  Starport  
  30  4:27  SCV  
  31  4:38  Missile Turret  
  31  4:39  SCV  
  31  4:40  SCV  
  33  4:51  SCV  
  34  5:03  SCV  
  35  5:07  Refinery, Starport Tech Lab  
  35  5:15  SCV  
  35  5:17  Fusion Core  
  36  5:27  SCV  
  36  5:28  SCV  
  38  5:36  Refinery  
  38  5:39  SCV  
  38  5:40  SCV  
  40  5:51  SCV  
  40  5:52  SCV  
  42  6:03  SCV  
  44  6:04  SCV  
  44  6:06  Command Center  
  44  6:08  Starport  
  44  6:12  Weapon Refit  
  44  6:15  SCV  
  44  6:16  SCV  
  46  6:24  Starport  
  46  6:26  Raven  
  46  6:28  SCV x2  
  50  6:40  SCV  
  51  6:52  SCV  
  52  7:00  Starport Tech Lab  
  52  7:01  Starport Tech Lab  
  52  7:07  Starport  
  52  7:10  Missile Turret  
  52  7:12  Orbital Command  
  52  7:13  Supply Depot  
  52  7:14  Supply Depot  
  52  7:15  SCV  
  52  7:20  SCV  
  54  7:24  Refinery  
  54  7:28  Raven, SCV  
  57  7:32  SCV  
  57  7:33  Missile Turret  
  57  7:36  Supply Depot  
  58  7:38  Supply Depot  
  58  7:40  SCV  
  59  7:44  SCV  
  60  7:52  SCV  
  60  7:55  Starport Tech Lab  
  60  7:56  Raven, SCV  
  64  8:03  Supply Depot  
  64  8:04  SCV  
  64  8:05  Supply Depot  
  65  8:08  SCV  
  66  8:14  Refinery  
  66  8:16  Missile Turret  
  66  8:17  Battlecruiser  
  66  8:18  Battlecruiser  
  78  8:38  Missile Turret, Orbital Command  
  78  8:43  Corvid Reactor  
  78  8:46  Recalibrated Explosives  
  78  8:48  Battlecruiser  
  84  8:51  Raven  
  86  9:07  SCV  
  87  9:14  Armory  
  87  9:17  Armory  
  87  9:19  SCV  
  88  9:31  SCV  
  88  9:34  Battlecruiser  
  95  9:45  Command Center  
  95  9:49  Battlecruiser x2  
  107  10:07  Terran Ship Weapons Level 1, Terran Vehicle And Ship Armor Level 1  
  107  10:12  Raven  
  109  10:36  Missile Turret  
  109  10:38  Starport x2  
  109  10:40  Missile Turret  
  109  10:45  Battlecruiser  
  115  10:56  Hi-Sec Auto Tracking  
  115  10:58  Battlecruiser  
  115  11:00  Missile Turret x2  
  121  11:10  Battlecruiser  
  127  11:17  Supply Depot  
  127  11:18  Supply Depot  
  127  11:19  SCV  
  127  11:20  Refinery  
  128  11:31  SCV  
  129  11:40  Starport Tech Lab x2  
  129  11:41  Supply Depot  
  129  11:43  SCV  
  130  11:54  Refinery  
  130  11:55  SCV  
  131  12:02  Battlecruiser  
  131  12:04  Raven, Battlecruiser  
  131  12:07  SCV  
  146  12:19  SCV  
  143  12:31  SCV  
  126  12:59  Raven  
  126  13:00  Raven x2  
  132  13:09  SCV  
  133  13:31  SCV  
  134  13:44  SCV  
  135  13:51  Raven  
  135  13:52  Raven x2  
  142  14:04  Orbital Command  
  141  14:16  Raven  
  143  14:17  Raven  
  143  14:19  Terran Vehicle And Ship Armor Level 2, Terran Ship Weapons Level 2  
  145  14:58  Battlecruiser x3  
  163  15:11  Supply Depot  
  163  15:12  Supply Depot  
  163  15:32  Raven  
  163  15:33  Raven, Supply Depot  
  167  15:36  Supply Depot  
  167  15:50  Battlecruiser  
  167  15:57  Supply Depot  
  149  16:25  Battlecruiser x3  
  167  16:26  Battlecruiser  
  173  16:46  Battlecruiser  
  179  17:00  Terran Ship Weapons Level 3  
  166  18:32  Raven x3  
  166  18:33  Raven x2  
  175  18:59  Battlecruiser  
  181  19:15  Battlecruiser  
  185  19:33  Command Center  
  185  19:35  Refinery  
  185  19:38  Refinery  
  185  19:42  Raven x3  
Show
View Real Time Build Order
Export as new Build Order

Metasapien Zerg - Winner!

Build Orders: Pool First 

Get SALT Encoding   

  12  0:03  Drone  
  13  0:28  Spawning Pool  
  12  0:30  Drone  
  12  0:32  Extractor  
  12  0:33  Drone  
  13  0:49  Drone  
  14  0:51  Overlord  
  14  0:55  Extractor  
  14  0:56  Drone  
  16  1:11  Drone  
  16  1:30  Hatchery  
  15  1:33  Drone  
  16  1:40  Metabolic Boost  
  16  1:45  Drone  
  17  1:50  Drone  
  18  1:58  Drone x2  
  20  2:17  Overlord  
  20  2:22  Zergling x2  
  21  2:35  Overlord  
  21  2:42  Drone  
  22  2:46  Drone  
  23  3:11  Drone x2  
  23  3:12  Drone  
  26  3:13  Queen  
  26  3:16  Queen  
  30  3:20  Drone, Hatchery  
  30  3:21  Drone  
  30  3:26  Drone  
  32  3:30  Extractor  
  32  3:32  Drone x2  
  33  3:38  Drone  
  34  3:43  Overlord  
  34  3:56  Lair  
  34  4:01  Extractor  
  33  4:03  Extractor  
  32  4:11  Drone x3  
  32  4:14  Drone x2  
  37  4:17  Zergling x2  
  38  4:30  Drone x2  
  38  4:31  Drone x2  
  42  4:32  Overlord x2  
  42  4:33  Drone  
  42  4:36  Queen  
  45  4:40  Drone  
  46  5:07  Drone x3  
  49  5:14  Hydralisk Den  
  49  5:16  Drone x3  
  49  5:18  Drone x2  
  53  5:22  Drone  
  53  5:23  Drone  
  53  5:25  Drone x3  
  53  5:26  Drone x2  
  60  5:34  Extractor  
  59  5:36  Extractor  
  58  5:47  Drone x2, Infestation Pit  
  58  5:48  Drone x4  
  63  5:50  Drone x2  
  63  5:56  Roach Warren  
  64  6:01  Evolution Chamber x2  
  62  6:05  Drone  
  62  6:08  Drone  
  62  6:10  Drone  
  65  6:12  Muscular Augments, Hydralisk x4  
  65  6:14  Overlord  
  65  6:15  Overlord x2  
  65  6:16  Overlord  
  73  6:21  Overlord  
  73  6:39  Spore Crawler  
  72  6:40  Drone x2  
  72  6:43  Hydralisk x3  
  72  6:44  Roach x3  
  86  6:47  Overlord x2  
  86  6:50  Drone x2  
  86  6:51  Drone x2  
  86  6:52  Drone x2  
  92  6:57  Pneumatized Carapace  
  92  6:59  Queen x2  
  96  7:04  Glial Reconstitution  
  96  7:08  Zerg Missile Weapons Level 1  
  96  7:12  Zerg Ground Armor Level 1  
  96  7:16  Hydralisk  
  96  7:17  Hydralisk x2  
  96  7:18  Roach x2  
  106  7:28  Spore Crawler  
  105  7:31  Hydralisk x5  
  115  7:47  Drone  
  115  7:48  Spore Crawler, Hydralisk x3  
  115  7:49  Hydralisk  
  115  7:50  Overlord, Hydralisk  
  125  8:06  Nydus Network  
  125  8:11  Drone x2  
  126  8:16  Overseer  
  126  8:17  Overseer  
  126  8:28  Hatchery  
  126  8:30  Hive  
  126  8:33  Drone x3  
  128  8:43  Hydralisk x2  
  128  8:44  Hydralisk x3  
  128  8:47  Overlord x2  
  128  8:48  Overlord x2  
  138  9:04  Queen x2  
  142  9:28  Hydralisk x14  
  170  9:35  Zerg Missile Weapons Level 2  
  170  9:36  Zerg Ground Armor Level 2  
  170  9:41  Overseer  
  170  10:00  Nydus Canal  
  170  10:04  Overlord  
  170  10:05  Overlord x4  
  170  10:19  Adrenal Glands  
  170  10:21  Ultralisk Cavern  
  170  10:27  Drone x3  
  172  11:06  Hydralisk x3  
  172  11:07  Hydralisk x4  
  172  11:08  Drone, Infestor  
  172  11:09  Drone, Infestor x4  
  198  11:27  Ravager x2  
  200  11:44  Nydus Canal  
  200  11:56  Overlord x2  
  197  12:19  Zerg Missile Weapons Level 3  
  197  12:21  Zerg Ground Armor Level 3  
  168  12:35  Hydralisk x14  
  168  12:36  Hydralisk  
  126  13:07  Hydralisk x4  
  126  13:08  Roach x3, Hydralisk x3  
  126  13:09  Roach  
  146  13:17  Hydralisk x2  
  146  13:18  Hydralisk x2  
  154  13:20  Hydralisk  
  154  13:21  Roach x2  
  160  13:32  Extractor  
  159  13:44  Roach, Zergling x6, Hydralisk x4  
  159  13:45  Roach x3  
  159  13:47  Hydralisk  
  180  13:54  Extractor  
  180  13:55  Nydus Canal  
  179  14:01  Hatchery  
  178  14:13  Drone x3  
  181  14:25  Pathogen Glands  
  181  14:26  Chitinous Plating  
  181  14:47  Nydus Canal  
  181  14:56  Zerg Melee Weapons Level 1  
  181  15:07  Hatchery  
  149  15:41  Hydralisk x13  
  149  15:42  Hydralisk x15  
  163  16:11  Queen  
  165  16:16  Swarm Host x8  
  189  16:25  Nydus Canal  
  189  16:40  Nydus Canal  
  189  16:57  Extractor  
  189  17:00  Zergling x2  
  189  17:01  Extractor, Zergling x24  
  197  17:42  Burrow  
  187  17:50  Hydralisk x4  
  187  17:51  Roach x3, Hydralisk  
  198  17:58  Ravager x2  
  154  18:21  Hydralisk x3  
  154  18:22  Roach, Hydralisk x4  
  154  18:23  Hydralisk x3, Roach x5  
  154  18:24  Roach  
  166  19:11  Zergling x4  
  166  19:12  Zergling x32  
  184  19:30  Nydus Canal  
  184  20:10  Hatchery  
  184  20:11  Extractor  
  184  20:12  Extractor  
  181  20:17  Spore Crawler  
  181  20:18  Extractor, Hatchery  
  181  20:19  Extractor  
Show
View Real Time Build Order
Export as new Build Order

ruger Zerg - Winner!

Build Orders: Hatch First 

Get SALT Encoding   

  12  0:03  Drone  
  13  0:11  Drone  
  14  0:23  Extractor  
  14  0:26  Extractor  
  14  0:28  Drone x2  
  16  0:55  Hatchery  
  15  0:59  Overlord  
  15  1:14  Spawning Pool  
  14  1:19  Extractor  
  14  1:21  Drone x2  
  14  1:23  Extractor  
  16  1:33  Drone x2  
  19  1:47  Drone  
  19  1:54  Drone  
  20  2:01  Queen  
  20  2:05  Overlord  
  20  2:07  Queen  
  24  2:14  Extractor  
  23  2:17  Extractor  
  22  2:23  Drone x3  
  22  2:29  Extractor  
  24  2:33  Drone  
  24  2:34  Drone  
  26  2:42  Drone x2  
  28  2:49  Extractor  
  27  2:52  Drone x2  
  29  3:02  Spore Crawler  
  28  3:09  Spore Crawler, Metabolic Boost  
  27  3:15  Drone x3  
  27  3:19  Drone x3  
  34  3:20  Drone x2  
  34  3:22  Drone  
  36  3:31  Overlord  
  36  3:37  Overlord  
  36  3:47  Lair  
  36  3:50  Zergling x2  
  37  3:58  Drone x3  
  40  4:05  Drone x3  
  43  4:10  Drone  
  44  4:29  Drone x2  
  46  4:42  Drone x2  
  46  4:43  Hatchery  
  47  4:53  Hydralisk Den  
  46  5:16  Nydus Network  
  46  5:18  Drone x2  
  47  5:24  Drone x3, Extractor x2  
  48  5:31  Drone x2  
  48  5:32  Drone  
  48  5:34  Overlord  
  48  5:35  Overlord x4  
  52  5:44  Muscular Augments  
  52  5:53  Overseer  
  52  6:01  Queen  
  52  6:04  Drone x5  
  59  6:12  Spore Crawler  
  59  6:14  Hydralisk x6  
  59  6:15  Hydralisk x2  
  74  6:19  Hydralisk  
  74  6:22  Hydralisk  
  78  6:41  Evolution Chamber  
  78  6:46  Hydralisk  
  78  6:47  Hydralisk x6  
  91  7:07  Zerg Melee Weapons Level 1  
  91  7:16  Overlord x4  
  91  7:17  Overlord x2  
  91  7:22  Pneumatized Carapace  
  88  7:44  Spore Crawler  
  69  8:06  Spore Crawler x2  
  69  8:07  Queen, Spore Crawler  
  69  8:08  Drone x5  
  69  8:09  Drone  
  74  8:15  Drone x3  
  74  8:17  Drone x2  
  79  8:23  Queen  
  81  8:29  Spore Crawler  
  80  8:37  Spore Crawler  
  80  8:38  Spore Crawler  
  78  8:42  Queen  
  78  8:43  Hydralisk x4  
  78  8:44  Hydralisk x2  
  92  8:52  Drone x2  
  92  8:54  Drone x2  
  96  9:00  Drone x2  
  96  9:01  Zerg Missile Weapons Level 1  
  98  9:06  Drone x2  
  100  9:31  Drone x2  
  102  9:41  Nydus Canal  
  102  9:42  Hydralisk x6  
  102  9:43  Hydralisk x2  
  118  9:50  Lurker Den  
  118  10:32  Hydralisk x4  
  118  10:33  Hydralisk x6  
  134  10:54  Queen  
  136  10:58  Drone  
  136  10:59  Drone  
  138  11:08  Spore Crawler  
  138  11:11  Spore Crawler  
  136  11:20  Zerg Melee Weapons Level 2  
  136  11:37  Hydralisk  
  138  11:40  Overlord  
  138  11:41  Overlord x5  
  60  12:46  Hydralisk x6  
  60  12:47  Hydralisk x5  
  60  12:48  Hydralisk x5  
  88  13:13  Hydralisk  
  88  13:14  Hydralisk x6  
  102  13:27  Hydralisk x6  
  114  13:34  Hatchery  
  114  13:36  Zerg Missile Weapons Level 2  
  113  13:43  Infestation Pit  
  68  15:11  Hydralisk x6  
  68  15:12  Hydralisk x5  
  68  15:13  Hydralisk x6  
  68  15:14  Hydralisk x3  
  92  15:37  Queen  
  92  15:40  Spore Crawler  
  92  15:41  Spore Crawler  
  92  16:02  Extractor  
  92  16:03  Extractor  
  90  16:06  Extractor  
  90  16:10  Hive  
  89  16:31  Zergling x2  
  89  16:32  Zergling x12  
  96  16:33  Zergling x14  
  96  16:34  Zergling x2  
  104  16:57  Nydus Canal  
  104  17:06  Zergling x12  
  104  17:07  Zergling x12  
  104  17:08  Zergling x2  
  92  18:21  Zergling x6  
  92  18:22  Zergling x12  
  92  18:23  Zergling x12  
  107  18:37  Ultralisk Cavern  
  106  18:58  Lurker x3  
  106  18:59  Lurker  
  104  19:44  Hydralisk x2  
  104  19:45  Hydralisk x6  
  110  19:47  Ultralisk x5  
  110  19:48  Ultralisk x5  
Show
View Real Time Build Order
Export as new Build Order

UncleBilbo Protoss 

Build Orders:  

Get SALT Encoding   

  12  2:03  Probe (Chrono Boost)  
  12  2:06  Pylon  
  13  2:14  Probe (Chrono Boost)  
  14  2:19  Nexus  
  14  2:24  Pylon  
  14  2:25  Probe (Chrono Boost)  
  14  2:28  Forge  
  15  2:35  Probe (Chrono Boost)  
  16  2:38  Pylon  
  16  2:46  Probe (Chrono Boost)  
  17  2:56  Probe (Chrono Boost)  
  18  3:03  Photon Cannon  
  18  3:07  Probe (Chrono Boost), Photon Cannon  
  18  3:10  Photon Cannon  
  19  3:13  Photon Cannon  
  19  3:15  Photon Cannon  
  19  3:17  Probe (Chrono Boost)  
  19  3:19  Pylon  
  20  3:25  Photon Cannon  
  20  3:27  Photon Cannon  
  20  3:31  Probe (Chrono Boost)  
  21  3:39  Photon Cannon  
  21  3:42  Probe (Chrono Boost), Assimilator  
  21  3:47  Assimilator  
  22  3:52  Probe (Chrono Boost)  
  23  3:58  Pylon  
  23  4:03  Probe (Chrono Boost)  
  23  4:08  Probe (Chrono Boost)  
  25  4:13  Probe (Chrono Boost)  
  25  4:15  Gateway  
  26  4:18  Probe (Chrono Boost)  
  28  4:24  Probe (Chrono Boost), Assimilator  
  28  4:29  Probe (Chrono Boost), Assimilator  
  29  4:34  Probe (Chrono Boost)  
  29  4:38  Protoss Ground Weapons Level 1 (Chrono Boost)  
  30  4:43  Probe  
  31  4:54  Probe  
  31  4:55  Pylon  
  32  5:00  Photon Cannon  
  32  5:04  Probe  
  33  5:08  Cybernetics Core  
  33  5:15  Probe  
  34  5:25  Probe  
  35  5:36  Probe, Nexus  
  36  5:46  Probe  
  37  5:55  Photon Cannon  
  37  5:57  Probe  
  38  6:07  Probe  
  39  6:12  Pylon  
  39  6:18  Probe  
  39  6:19  Protoss Shields Level 1 (Chrono Boost)  
  39  6:21  Twilight Council  
  39  6:24  Stargate  
  40  6:29  Probe  
  41  6:33  Photon Cannon  
  41  6:35  Photon Cannon  
  41  6:39  Probe  
  41  6:42  Mothership Core  
  44  6:47  Photon Cannon  
  44  6:50  Probe  
  45  6:55  Photon Cannon  
  45  7:00  Probe, Pylon  
  45  7:07  Photon Cannon  
  46  7:10  Photon Cannon  
  46  7:13  Probe  
  47  7:20  Protoss Air Weapons Level 1 (Chrono Boost)  
  47  7:23  Probe  
  47  7:28  Phoenix  
  50  7:34  Probe  
  51  7:39  Stargate  
  51  7:42  Pylon  
  51  7:46  Probe  
  51  7:47  Photon Cannon  
  51  7:49  Probe  
  53  7:53  Phoenix  
  53  7:56  Assimilator  
  53  7:57  Probe  
  55  8:03  Protoss Shields Level 2 (Chrono Boost)  
  55  8:04  Pylon  
  56  8:07  Probe  
  56  8:10  Probe  
  58  8:16  Pylon  
  58  8:18  Probe  
  59  8:20  Probe  
  62  8:27  Phoenix (Chrono Boost)  
  62  8:30  Phoenix (Chrono Boost)  
  62  8:31  Probe  
  65  8:38  Fleet Beacon  
  65  8:41  Probe  
  65  8:43  Cybernetics Core  
  65  8:46  Photon Cannon  
  76  8:55  Phoenix (Chrono Boost)  
  68  9:01  Phoenix (Chrono Boost)  
  70  9:03  Probe  
  71  9:11  Photon Cannon  
  71  9:14  Probe, Assimilator  
  74  9:20  Phoenix (Chrono Boost)  
  74  9:23  Phoenix (Chrono Boost)  
  76  9:27  Protoss Air Armor Level 1 (Chrono Boost)  
  75  9:44  Phoenix (Chrono Boost)  
  75  9:45  Phoenix (Chrono Boost)  
  79  10:09  Phoenix (Chrono Boost)  
  79  10:14  Phoenix (Chrono Boost)  
  79  10:20  Anion Pulse-Crystals  
  81  10:27  Probe  
  81  10:31  Phoenix  
  81  10:35  Pylon  
  84  10:37  Phoenix  
  84  10:38  Probe  
  84  10:39  Pylon  
  87  10:48  Probe  
  87  10:56  Phoenix  
  90  10:59  Probe  
  90  11:00  Stargate  
  90  11:02  Phoenix  
  93  11:04  Pylon, Stargate  
  93  11:08  Photon Cannon  
  93  11:21  Phoenix  
  95  11:27  Phoenix  
  95  11:29  Pylon  
  97  11:34  Nexus  
  97  11:38  Pylon  
  97  11:40  Pylon  
  97  11:45  Photon Cannon  
  97  11:46  Phoenix  
  99  11:47  Photon Cannon  
  99  11:52  Phoenix  
  101  12:03  Phoenix  
  66  12:45  Stargate  
  66  12:47  Stargate  
  66  12:48  Stargate  
  66  12:51  Stargate  
  66  12:58  Assimilator  
  66  13:04  Cybernetics Core  
  66  13:12  Forge  
  66  13:27  Phoenix  
  66  13:33  Pylon  
  66  13:35  Assimilator  
  66  13:37  Phoenix (Chrono Boost)  
  66  13:39  Pylon  
  66  13:45  Pylon  
  66  13:50  Phoenix (Chrono Boost)  
  66  13:52  Pylon, Phoenix x2 (Chrono Boost)  
  66  13:53  Phoenix x2 (Chrono Boost)  
  66  13:54  Phoenix (Chrono Boost)  
  76  13:55  Phoenix (Chrono Boost)  
  78  14:05  Phoenix (Chrono Boost)  
  78  14:11  Photon Cannon x2  
  78  14:14  Phoenix (Chrono Boost)  
  78  14:16  Phoenix (Chrono Boost)  
  86  14:18  Phoenix (Chrono Boost)  
  86  14:19  Phoenix (Chrono Boost)  
  86  14:21  Phoenix (Chrono Boost)  
  88  14:30  Phoenix (Chrono Boost)  
  92  14:31  Phoenix (Chrono Boost)  
  99  14:55  Phoenix (Chrono Boost)  
  99  14:56  Phoenix x2 (Chrono Boost)  
  99  14:59  Phoenix (Chrono Boost)  
  44  15:38  Protoss Air Armor Level 2  
  44  15:39  Phoenix (Chrono Boost)  
  44  15:42  Phoenix x2 (Chrono Boost)  
  52  15:43  Phoenix (Chrono Boost)  
  52  16:01  Phoenix (Chrono Boost)  
  56  16:07  Phoenix (Chrono Boost)  
  56  16:13  Photon Cannon  
  56  16:15  Photon Cannon  
  52  16:22  Nexus, Phoenix (Chrono Boost)  
  139  16:25  Phoenix x2 (Chrono Boost)  
  52  16:36  Pylon  
  52  16:41  Pylon  
  52  16:43  Phoenix (Chrono Boost)  
  56  16:47  Phoenix (Chrono Boost)  
  56  16:50  Phoenix x3 (Chrono Boost)  
  55  17:22  Assimilator  
Show
View Real Time Build Order
Export as new Build Order

Vincent Protoss 

Build Orders: Oracle Opening 

Get SALT Encoding   

  12  0:01  Probe (Chrono Boost)  
  13  0:12  Probe (Chrono Boost)  
  14  0:21  Pylon  
  14  0:24  Probe (Chrono Boost)  
  15  0:39  Probe (Chrono Boost)  
  15  0:41  Gateway  
  16  0:47  Assimilator  
  17  0:50  Probe (Chrono Boost)  
  17  1:00  Probe (Chrono Boost)  
  18  1:11  Probe (Chrono Boost)  
  19  1:21  Probe (Chrono Boost)  
  20  1:29  Cybernetics Core  
  20  1:32  Probe (Chrono Boost)  
  21  1:37  Pylon  
  21  1:42  Probe (Chrono Boost)  
  21  1:47  Assimilator  
  22  1:53  Probe (Chrono Boost)  
  23  2:03  Probe (Chrono Boost)  
  24  2:12  Nexus  
  24  2:18  Stargate  
  25  2:23  Probe (Chrono Boost)  
  25  2:36  Stargate  
  25  2:41  Probe (Chrono Boost)  
  26  2:51  Probe (Chrono Boost)  
  27  3:02  Probe (Chrono Boost)  
  29  3:12  Probe (Chrono Boost)  
  29  3:16  Pylon  
  29  3:24  Protoss Air Weapons Level 1  
  29  3:26  Oracle  
  32  3:43  Probe x2 (Chrono Boost)  
  32  3:44  Assimilator  
  34  3:48  Assimilator  
  34  3:49  Oracle  
  34  3:54  Probe x2 (Chrono Boost)  
  39  4:04  Probe x2 (Chrono Boost)  
  41  4:15  Probe x2 (Chrono Boost)  
  43  4:21  Stargate  
  43  4:25  Probe x2 (Chrono Boost)  
  45  4:31  Stargate  
  45  4:36  Probe x2 (Chrono Boost)  
  47  4:53  Nexus  
  47  4:54  Probe x2 (Chrono Boost)  
  47  4:56  Assimilator  
  49  5:01  Assimilator  
  49  5:05  Probe x2 (Chrono Boost)  
  51  5:15  Probe x2 (Chrono Boost)  
  53  5:26  Probe (Chrono Boost), Pylon  
  53  5:27  Pylon  
  54  5:30  Pylon  
  54  5:33  Pylon  
  54  5:39  Pylon  
  54  5:43  Oracle x2  
  54  5:44  Probe x2 (Chrono Boost)  
  54  5:45  Pylon  
  54  5:46  Oracle  
  54  5:48  Pylon  
  65  5:53  Oracle  
  65  5:55  Probe x2 (Chrono Boost)  
  70  6:05  Probe x3 (Chrono Boost)  
  73  6:15  Probe (Chrono Boost)  
  73  6:16  Probe x2 (Chrono Boost)  
  76  6:30  Oracle x3  
  76  6:31  Oracle  
  88  6:40  Probe x3 (Chrono Boost)  
  91  6:50  Probe (Chrono Boost)  
  91  6:51  Probe x2 (Chrono Boost)  
  94  7:02  Stargate  
  94  7:03  Stargate  
  94  7:22  Void Ray x3  
  98  7:23  Void Ray  
  101  8:03  Void Ray x2  
  101  8:05  Void Ray x4  
  125  8:17  Protoss Air Armor Level 1  
  125  8:24  Fleet Beacon  
  125  9:36  Pylon  
  125  9:38  Pylon  
  125  9:41  Pylon  
  125  9:43  Pylon  
  125  9:44  Pylon  
  125  9:54  Void Ray x2  
  125  9:55  Void Ray x2  
  125  9:59  Void Ray x2  
  149  10:42  Void Ray  
  133  10:57  Void Ray x4  
  133  10:58  Void Ray  
  153  11:24  Void Ray  
  136  11:40  Void Ray x4  
  136  11:41  Void Ray  
  156  12:07  Void Ray  
  160  12:23  Nexus  
  160  12:25  Pylon  
  160  12:27  Pylon  
  160  12:30  Assimilator  
  160  12:35  Assimilator  
  160  12:42  Nexus  
  160  12:43  Void Ray x3  
  160  12:44  Void Ray x2, Assimilator  
  164  12:49  Assimilator  
  164  12:50  Void Ray  
  168  12:52  Pylon  
  168  12:54  Pylon  
  164  13:16  Protoss Air Weapons Level 2  
  164  13:26  Void Ray x4  
  176  13:27  Void Ray  
  176  13:33  Void Ray  
  188  14:24  Void Ray x2  
  188  14:25  Void Ray  
  200  15:32  Protoss Air Armor Level 2  
  59  16:31  Void Ray x4  
  59  16:32  Void Ray x2  
  61  17:03  Stargate  
  60  17:08  Stargate  
  60  17:14  Void Ray x5  
  60  17:15  Void Ray  
  84  17:56  Void Ray  
  84  17:57  Void Ray x3  
Show
View Real Time Build Order
Export as new Build Order

armedinfidel Terran 

Build Orders:  

Get SALT Encoding   

  12  0:09  SCV  
  13  0:21  SCV  
  14  0:33  SCV  
  15  0:40  Supply Depot  
  15  0:57  Refinery  
  15  1:02  SCV  
  16  1:14  SCV  
  17  1:18  Barracks  
  17  1:26  SCV  
  18  1:38  SCV  
  19  1:50  SCV  
  20  1:55  Refinery  
  20  2:02  SCV  
  21  2:15  Orbital Command  
  21  2:21  Factory  
  21  2:37  Command Center  
  21  3:38  Starport  
  21  3:51  SCV, Supply Depot  
  22  4:03  SCV  
  23  4:14  Supply Depot  
  23  4:15  SCV  
  24  4:18  SCV  
  25  4:27  SCV  
  25  4:28  Starport  
  25  4:29  Starport Reactor  
  25  4:30  SCV  
  27  4:37  Supply Depot  
  27  4:38  Factory Tech Lab  
  27  4:39  SCV  
  27  4:42  SCV  
  29  4:54  SCV  
  29  4:56  Orbital Command  
  30  5:02  Siege Tank  
  30  5:06  Viking x2  
  37  5:25  Refinery  
  37  5:34  Siege Tank, SCV  
  41  5:36  Viking  
  43  5:46  SCV  
  43  5:49  Starport Reactor  
  44  5:51  Refinery  
  44  5:58  SCV  
  45  6:10  SCV  
  46  6:22  SCV  
  47  6:43  Viking  
  47  6:44  Viking  
  47  6:46  Viking x2  
  55  7:14  SCV  
  56  7:16  Command Center  
  56  7:26  SCV  
  57  7:38  SCV  
  58  7:45  Supply Depot  
  58  7:50  SCV  
  59  7:52  Starport  
  59  8:02  SCV  
  60  8:08  Supply Depot  
  60  8:09  Armory  
  60  8:14  SCV  
  61  8:26  SCV  
  62  8:30  Starport  
  62  8:31  Supply Depot  
  62  8:33  Refinery  
  62  8:38  SCV  
  63  8:50  SCV  
  63  8:51  Starport Tech Lab  
  64  8:57  Armory  
  64  8:58  Terran Ship Weapons Level 1  
  64  9:00  Refinery  
  65  9:02  SCV  
  65  9:10  Thor  
  65  9:15  SCV  
  72  9:19  SCV  
  73  9:31  SCV  
  74  9:43  SCV  
  75  9:53  Thor  
  75  9:55  SCV  
  59  10:38  Thor  
  65  10:59  Fusion Core  
  65  11:21  Thor, Command Center  
  68  12:09  Supply Depot  
  68  12:21  Battlecruiser  
  47  12:31  Supply Depot  
  47  12:36  Thor  
  53  12:54  Supply Depot  
  53  13:06  Viking  
  53  13:07  Viking  
  53  13:08  Viking x2  
  61  13:18  Thor  
  67  13:36  Viking  
  67  13:37  Viking  
  67  13:38  Viking x2  
  75  14:01  Thor  
  81  14:09  Battlecruiser  
  87  14:44  Thor  
  91  15:27  Thor  
  97  15:42  Orbital Command  
Show
View Real Time Build Order
Export as new Build Order

ThaGreem Zerg 

Build Orders: Pool First 

Get SALT Encoding   

  12  0:21  Spawning Pool  
  12  0:25  Drone  
  12  0:31  Overlord  
  12  0:40  Extractor  
  11  0:44  Drone  
  11  0:45  Drone  
  13  0:53  Extractor  
  12  1:02  Overlord  
  12  1:05  Drone  
  13  1:15  Queen  
  15  1:22  Drone  
  15  1:24  Drone  
  17  1:31  Drone  
  18  1:50  Drone  
  19  2:07  Drone  
  20  2:10  Hatchery  
  19  2:17  Lair  
  19  2:34  Roach Warren  
  19  2:37  Drone  
  19  2:39  Drone  
  19  2:41  Drone  
  21  2:48  Drone  
  22  3:00  Drone  
  23  3:06  Drone x3  
  26  3:13  Metabolic Boost  
  26  3:40  Drone  
  27  3:43  Drone  
  27  3:44  Hatchery  
  27  3:47  Drone  
  28  3:57  Hydralisk Den  
  28  3:59  Glial Reconstitution  
  28  4:02  Drone  
  28  4:04  Drone  
  29  4:11  Drone x2  
  29  4:13  Drone  
  32  4:22  Drone x2  
  34  4:37  Drone x2  
  36  4:54  Overlord x3  
  36  5:02  Drone, Extractor  
  36  5:03  Extractor  
  36  5:07  Drone x2  
  37  5:11  Drone  
  38  5:17  Tunneling Claws  
  38  5:27  Hatchery  
  38  5:28  Hatchery  
  36  5:33  Drone x2  
  38  5:35  Drone  
  38  5:36  Drone x2  
  41  5:47  Drone x3  
  44  5:57  Infestation Pit  
  43  6:05  Hydralisk x4  
  51  6:18  Drone  
  52  6:19  Drone  
  53  6:26  Muscular Augments  
  53  6:35  Roach x2  
  53  6:38  Roach  
  53  6:39  Roach x2  
  63  6:42  Roach  
  63  6:43  Roach x2  
  69  7:02  Hydralisk x3  
  75  7:11  Hydralisk  
  77  7:15  Overlord  
  77  7:16  Overlord x4  
  77  7:22  Drone  
  78  7:39  Drone x3  
  81  7:58  Spore Crawler  
  81  7:59  Drone x5  
  81  8:00  Drone x7  
  92  8:11  Ravager x2  
  92  8:12  Ravager x5  
  100  8:13  Ravager  
  100  8:19  Hydralisk x2  
  104  8:20  Hydralisk  
  106  8:30  Spore Crawler x2  
  104  8:36  Spore Crawler  
  103  8:45  Spore Crawler x2  
  103  8:48  Spore Crawler  
  100  8:54  Spore Crawler  
  99  9:00  Spore Crawler x2  
  97  9:10  Spore Crawler  
  96  9:20  Spore Crawler  
  96  9:21  Hydralisk  
  96  9:23  Spore Crawler  
  96  9:31  Drone x3  
  99  9:36  Drone  
  99  9:37  Drone  
  101  9:50  Drone  
  101  9:51  Drone x3  
  101  9:52  Drone  
  106  10:02  Drone x4  
  110  10:15  Drone x2  
  110  10:16  Drone  
  113  10:29  Spire  
  112  10:54  Drone x3  
  112  10:56  Evolution Chamber  
  114  11:05  Hydralisk x2  
  114  11:08  Overlord  
  114  11:09  Overlord x6  
  114  11:10  Overlord x3  
  118  11:17  Hive  
  118  11:28  Drone x3  
  121  11:43  Hydralisk x6  
  121  11:44  Hydralisk  
  135  11:53  Roach x3  
  141  11:57  Roach  
  141  11:58  Roach  
  145  12:15  Zerg Melee Weapons Level 1  
  145  12:24  Hydralisk x3  
  151  12:33  Mutalisk  
  151  12:34  Mutalisk  
  155  12:37  Mutalisk  
  140  13:24  Mutalisk x3  
  140  13:25  Mutalisk x6  
  140  13:26  Mutalisk  
  160  13:32  Zerg Flyer Weapons Level 1  
  160  14:10  Zerg Missile Weapons Level 1  
  160  14:15  Viper x4  
  160  14:16  Viper x3  
  181  14:19  Mutalisk  
  157  14:51  Roach x3  
  151  15:26  Zerg Flyer Armor Level 1  
  151  15:32  Ravager x4  
  151  15:33  Ravager  
  156  15:49  Roach x4  
  166  15:50  Roach x2  
  168  16:04  Zerg Ground Armor Level 1  
  168  16:22  Ravager x2  
  170  16:30  Extractor  
  169  16:34  Extractor  
  67  18:46  Drone x2  
  67  18:47  Drone  
  68  18:51  Hydralisk x4  
  68  18:52  Hydralisk x6  
  68  18:53  Hydralisk x2  
  48  19:43  Mutalisk x3  
  48  19:44  Mutalisk x3  
  48  19:45  Mutalisk  
  35  19:57  Drone  
  35  19:58  Drone x2  
  35  19:59  Drone x2  
Tags
 
Add a new tag
Caveats
  • Supply blocks, unpowered buildings, or Contaminate may cause inaccurate times.
  • Supply counts are checked every 10 seconds.